 Dungeon Crawl Stone Soup version 0.29.0-13-gc9e81de378 (webtiles) character file.

Game seed: 3399298130457877458

72 NinjaNoafa the Vexing (level 4, 0/34 HPs)
             Began as a Gnoll Arcane Marksman on Sept 7, 2022.
             Slain by a gnoll
             ... wielding a +0 halberd
              (15 damage)
             ... on level 2 of the Dungeon.
             The game lasted 00:03:36 (1542 turns).

NinjaNoafa the Vexing (Gnoll Arcane Marksman)       Turns: 1542, Time: 00:03:36

Health: 0/34       AC:  2    Str:  9    XL:     4   Next: 25%
Magic:  8/8        EV: 14    Int: 17    God:
Gold:   112        SH:  0    Dex: 17    Spells: 8/9 levels left

rFire   . . .      SeeInvis .   m - +8 mace of Vanity {vamp, rC- rN+ Int+3 Dex+4}
rCold   x . .      Faith    .   (no shield)
rNeg    + . .      Spirit   .   c - +0 robe
rPois   +          Reflect  .   (no helmet)
rElec   .          Harm     .   p - scarf {+Inv}
rCorr   .          Rampage  .   (no gloves)
Will    .....                   (no boots)
Stlth   ++........              (no amulet)
HPRegen 0.11/turn               d - ring of poison resistance
MPRegen 0.11/turn               (no ring)

@: no status effects
A: fangs 1, strong nose, distributed training
a: Evoke Invisibility


You were on level 2 of the Dungeon.
You visited 1 branch of the dungeon, and saw 2 of its levels.

You collected 112 gold pieces.

Inventory:

Hand Weapons
 a - a +1 sling
 m - the +8 mace of Vanity (weapon) {vamp, rC- rN+ Int+3 Dex+4}
   (You found it on level 2 of the Dungeon)

   It occasionally heals its wielder for a portion of the damage dealt when it
   wounds a living foe.
   Int:       It affects your intelligence (+3).
   Dex:       It affects your dexterity (+4).
   rC:        It makes you vulnerable to cold.
   rN:        It protects you from negative energy.
Missiles
 e - 26 stones
 k - 3 poisoned darts
Armour
 c - a +0 robe (worn)
 p - a scarf of invisibility (worn)
Jewellery
 d - a ring of poison resistance (left hand)
 q - a ring of magical power
Scrolls
 b - a scroll of poison
 f - a scroll of teleportation {unknown}
 h - 2 scrolls of fog {unknown}
 j - a scroll of blinking {unknown}
 n - a scroll of amnesia {unknown}
Potions
 g - a potion of mutation {unknown}
 i - a potion of ambrosia {unknown}
 o - a potion of curing {unknown}


   Skills:
 + Level 2.7 Fighting
 + Level 1.1 Short Blades
 + Level 1.1 Long Blades
 + Level 1.1 Axes
 + Level 1.1 Maces & Flails
 + Level 1.1 Polearms
 + Level 1.1 Staves
 + Level 4.6 Ranged Weapons
 + Level 1.1 Throwing
 + Level 1.1 Armour
 + Level 4.6 Dodging
 + Level 1.1 Stealth
 + Level 1.1 Shields
 + Level 1.1 Unarmed Combat
 + Level 3.0 Spellcasting
 + Level 0.9 Conjurations
 + Level 5.4 Hexes
 + Level 0.9 Summonings
 + Level 0.9 Necromancy
 + Level 0.9 Translocations
 + Level 0.9 Transmutations
 + Level 0.9 Fire Magic
 + Level 0.9 Ice Magic
 + Level 0.9 Air Magic
 + Level 0.9 Earth Magic
 + Level 0.9 Poison Magic
 + Level 1.2 Invocations
 + Level 1.1 Evocations


You had 8 spell levels left.
You knew the following spells:

 Your Spells              Type           Power      Damage    Failure   Level
a - Slow                  Hex            84%        N/A       1%          1

Your spell library contained the following spells:

 Spells                   Type           Power      Damage    Failure   Level
 Sting                    Tmut/Pois      20%        1d4       12%         1
 Inner Flame              Hex/Fire       13%        N/A       14%         3
 Portal Projectile        Hex/Tloc       26%        N/A       14%         3
 Poisonous Vapours        Pois/Air       10%        N/A       19%         2
 Cause Fear               Hex            10%        N/A       19%         4
 Olgreb's Toxic Radiance  Pois           5%         N/A       75%         4


Dungeon Overview and Level Annotations

Branches:
Dungeon (2/15)

Altars:

Shops:
D:1 (


Innate Abilities, Weirdness & Mutations

You have very sharp teeth.
Your uncanny sense of smell can sniff out nearby items.
Your experience applies equally to all skills.


Message History

You open the door.
Found a stone staircase leading up.
You feel the dreadful sensation subside.
a - a +1 sling (weapon)
There is an open door here. 2 gnolls come into view.
The gnoll shouts!
A gnoll comes into view. It is wielding a +0 flail.
The gnoll moves out of view.
You are now empty-handed.
a - a +1 sling (weapon)
You are now empty-handed.
You feel clever.
You feel agile.
You feel a sense of dread.
m - the +8 mace of Vanity (weapon)
{vamp, rC- rN+ Int+3 Dex+4} The gnoll shouts! x2; You hear a shout!
The gnoll misses you. The gnoll hits you with a +0 spear!
The gnoll attacks as you move away! The gnoll misses you.
The gnoll attacks as you move away! The gnoll barely misses you.
The gnoll hits you but does no damage.
You hit the gnoll.
The gnoll is heavily wounded.
The gnoll hits you with a +0 flail. The gnoll closely misses you.
The gnoll hits you from afar with a +0 spear.
You hit the gnoll.
You feel better.
The gnoll is severely wounded.
The gnoll barely misses you. The gnoll closely misses you. x2
You hit the gnoll.
You kill the gnoll!
The gnoll closely misses you. The gnoll misses you.
The gnoll barely misses you.
The gnoll hits you from afar with a +0 spear.
Your Spellcasting skill increases to level 3!
The gnoll hits you with a +0 halberd. The gnoll hits you with a +0 spear.
You see here a +0 flail.
You sock the gnoll! Your bite misses the gnoll.
The gnoll is heavily wounded.
The gnoll closely misses you. The gnoll hits you with a +0 halberd!
You die...

#..)...# #...#
#......# #...#
#'#...## #...# #.....#
#...#
#######.#.######..)###
...............'...'.#
#######.#'######...#.#
#..g##........†...#.#
#g@.............#..
#####...........##.
'...........'..
##...........###
############### #. #.
#. #.


You could see 2 gnolls.

Vanquished Creatures
  A gnoll (D:2)
  2 adders (D:2)
  A worm (D:2)
  2 dart slugs
  4 ball pythons
  5 endoplasms
  6 giant cockroaches (D:1)
  A hobgoblin (D:1)
  5 kobolds
  A quokka (D:1)
  3 bats
  A frilled lizard (D:2)
  2 goblins (D:2)
  2 rats (D:2)
36 creatures vanquished.

Notes
Turn   | Place    | Note
-------+----------+-------------------------------------------
     0 | D:1      | NinjaNoafa the Gnoll Arcane Marksman began the quest for
                  | the Orb.
     0 | D:1      | Reached XP level 1. HP: 17/17 MP: 4/4
    25 | D:1      | Found Feutz's Weapon Shop.
   109 | D:1      | Reached XP level 2. HP: 23/23 MP: 5/5
   363 | D:1      | Found a faded altar of an unknown god.
   744 | D:1      | Reached XP level 3. HP: 28/28 MP: 7/7
   898 | D:2      | Reached skill level 1 in Invocations
  1117 | D:2      | Identified the +8 mace of Vanity {vamp, rC- rN+ Int+3
                  | Dex+4}
  1268 | D:2      | Reached skill level 1 in Short Blades
  1268 | D:2      | Reached skill level 1 in Long Blades
  1268 | D:2      | Reached skill level 1 in Axes
  1268 | D:2      | Reached skill level 1 in Maces & Flails
  1268 | D:2      | Reached skill level 1 in Polearms
  1268 | D:2      | Reached skill level 1 in Staves
  1268 | D:2      | Reached skill level 1 in Throwing
  1268 | D:2      | Reached skill level 1 in Armour
  1268 | D:2      | Reached skill level 1 in Stealth
  1268 | D:2      | Reached skill level 1 in Shields
  1268 | D:2      | Reached skill level 1 in Unarmed Combat
  1268 | D:2      | Reached skill level 1 in Evocations
  1501 | D:2      | Reached XP level 4. HP: 34/34 MP: 8/8
  1542 | D:2      | Slain by a gnoll

Illustrated notes

Levels and vault maps discovered:
D:1:      lightli_arrival_chessboard, layout_basic,
          hellmonk_ecumenical_altar_slurped_away, serial_shops,
          nicolae_shop_bloodbath_and_beyond, item_on_display_a
D:2:      layout_basic, uniq_crazy_yiuf_cottage

Skill      XL: |  1  2  3  4 |
---------------+-------------+-----
Invocations    | 1 |  1.2
Short Blades   | 1 |  1.1
Long Blades    | 1 |  1.1
Axes           | 1 |  1.1
Maces & Flails | 1 |  1.1
Polearms       | 1 |  1.1
Staves         | 1 |  1.1
Throwing       | 1 |  1.1
Armour         | 1 |  1.1
Stealth        | 1 |  1.1
Shields        | 1 |  1.1
Unarmed Combat | 1 |  1.1
Evocations     | 1 |  1.1
Spellcasting   | 3 |  3.0
Fighting       | |  2.7
Ranged Weapons | |  4.6
Dodging        | |  4.6
Conjurations   | |  0.9
Hexes          | |  5.4
Summonings     | |  0.9
Necromancy     | |  0.9
Translocations | |  0.9
Transmutations | |  0.9
Fire Magic     | |  0.9
Ice Magic      | |  0.9
Air Magic      | |  0.9
Earth Magic    | |  0.9
Poison Magic   | |  0.9

Action                   |  1- 3 |  4- 6 || total
-------------------------+-------+-------++-------
Melee: Mace              |    31 |     4 ||    35
       Bite              |     4 |       ||     4
 Fire: Sling             |    75 |       ||    75
 Cast: Slow              |     3 |       ||     3
Armor: Robe              |    10 |     1 ||    11
Dodge: Dodged            |    65 |    11 ||    76
